cohdb
Replays
Latest Replays
All Replays
Popular Replays
Top Player Replays
Match Explorer
How It Works
Community
CoH3 Stats
Reddit
Sign in to upload your games and track your stats! →
Sign in with Steam
Match 25302944
Unlisted
Match 25302944
Overview
Messages
Build Orders
End
Panzergrenadier Squad
Selects Battlefield Espionage Battlegroup
Panzergrenadier Squad
250 Light Carrier
Construct Light Support Kompanie
MG34 Team
Selects Intel Disruption Beacon
Combat Half-tracks
2.5-tonne Medical Truck
Fire Support Elements
Pak 38 Mechanized Group
Construct Panzerarmee Kommand
Selects Plunder
Armored Reserves
Assault Grenadier Squad
Selects Firestorm
Tiger Heavy Tank
Firestorm
Rapid Advance
2.5-tonne Medical Truck
Emergency Repair Kits
Selects 250/3 Funkpanzerwagen
Selects Advanced Ambush Training
Vehicle Survival Package
Panzer IV Assault Group
Waff
The Boogyman
这游戏太难了
Moondog
StuddlymuffinAK
MonoChrome
0
0
Comments
sign in to comment!
No comments posted yet!